 Dungeon Crawl Stone Soup version 0.28-a0-973-ga7f8b01127 (webtiles) character file.

Game seed: 5923494345484550811

77 horus123 the Poker (level 4, 0/33 HPs)
             Began as a Merfolk Gladiator on Dec 1, 2021.
             Slain by a hound (1 damage)
             ... on level 4 of the Dungeon.
             The game lasted 00:02:12 (1559 turns).

horus123 the Poker (Merfolk Gladiator)              Turns: 1559, Time: 00:02:13

Health: 0/33       AC:  4    Str: 16    XL:     4   Next: 34%
Magic:  4/4        EV: 11    Int:  7    God:
Gold:   87         SH: 11    Dex: 15    Spells: 3/3 levels left

rFire   . . .      SeeInvis .   a - +0 trident
rCold   . . .      Faith    .   e - +2 kite shield
rNeg    . . .      Spirit   .   b - +0 leather armour
rPois   .          Reflect  .   c - +0 helmet
rElec   .          Harm     .   (no cloak)
rCorr   .          Rampage  .   (no gloves)
Will    .....                   (no boots)
Stlth   +.........              (no amulet)
HPRegen 0.11/turn               (no ring)
MPRegen 0.09/turn               (no ring)

@: no status effects
A: (nimble swimmer 2), mertail
a: no special abilities


You were on level 4 of the Dungeon.
You visited 1 branch of the dungeon, and saw 3 of its levels.

You collected 87 gold pieces.

Inventory:

Hand Weapons
 a - a +0 trident (weapon)
Missiles
 d - 3 throwing nets (quivered)
Armour
 b - a +0 leather armour (worn)
 c - a +0 helmet (worn)
 e - a +2 kite shield (worn)
Scrolls
 j - a scroll of enchant weapon {unknown}
 n - 2 scrolls of amnesia
Potions
 f - a potion of resistance {unknown}
 g - a potion of lignification {unknown}
 h - a potion of ambrosia {unknown}
 i - a potion of curing {unknown}
 k - a potion of brilliance {unknown}
 l - a potion of mutation {unknown}


   Skills:
 - Level 2.1 Fighting
 - Level 4.4 Polearms
 - Level 2.0 Throwing
 - Level 4.0 Dodging
 + Level 3.8 Shields


You had 3 spell levels left.
You didn't know any spells.
Your spell library was empty.

Dungeon Overview and Level Annotations

Branches:
Dungeon (2/15)

Altars:
Fedhas


Innate Abilities, Weirdness & Mutations

((You are quick and stealthy near water. (Stealth+, EV+, Speed+++)))
Your lower body shifts to a powerful aquatic tail in water.


Message History

The hound is lightly wounded.
The hound misses you. You block the hound's attack.
You hit the hound.
The hound is lightly wounded.
The hound barely misses you. The hobgoblin hits you.
The hound barely misses you.
You hit the hound.
The hound is moderately wounded.
The hound bites you. You block the hobgoblin's attack.
You block the hound's attack.
You closely miss the hound.
The hound is moderately wounded.
The hound closely misses you. You block the hobgoblin's attack.
The hound bites you. The hobgoblin barely misses you.
You barely miss the hound.
The hound is moderately wounded.
The hound bites you but does no damage. The hobgoblin barely misses you.
The hound bites you. The hound misses you.
You hit the hobgoblin.
The hobgoblin is moderately wounded.
The hound bites you. The hound bites you but does no damage.
The hobgoblin hits you but does no damage.
You completely miss the hobgoblin.
The hobgoblin is moderately wounded.
The hound bites you.
* * * LOW HITPOINT WARNING * * *
The hobgoblin closely misses you. You block the hound's attack.
The hobgoblin barely misses you.
You closely miss the hobgoblin.
The hobgoblin is moderately wounded.
The hound bites you.
* * * LOW HITPOINT WARNING * * *
The hound misses you. You block the hobgoblin's attack.
You closely miss the hobgoblin.
The hobgoblin is moderately wounded.
The hound bites you.
* * * LOW HITPOINT WARNING * * *
The hound bites you.
You die...

#...##.##..#.....
.......... ......
#.....[..##......
#.)..............
#................
##.........†.......
#...#..............
#..#...##hg..###.
#....##..@#.##
#..##.....###
##.......#
#........#
#......#.....
#......#...#..
#..#..#...##
####..##..# #..#
..#


You could see a hound and a hobgoblin.

Vanquished Creatures
  4 gnolls (D:2)
  2 dart slugs
  2 bats (D:1)
  5 endoplasms (D:1)
  2 giant cockroaches
  3 goblins (D:1)
  A hobgoblin (D:1)
  4 kobolds
  3 quokkas (D:1)
  5 ball pythons
  A frilled lizard (D:1)
  A rat (D:1)
33 creatures vanquished.

Vanquished Creatures (others)
  4 toadstools (D:1)
4 creatures vanquished.

Grand Total: 37 creatures vanquished

Notes
Turn   | Place    | Note
-------+----------+-------------------------------------------
     0 | D:1      | horus123 the Merfolk Gladiator began the quest for the Orb.
     0 | D:1      | Reached XP level 1. HP: 16/16 MP: 1/1
   155 | D:1      | Reached skill level 1 in Shields
   318 | D:1      | Reached XP level 2. HP: 4/22 MP: 2/2
   842 | D:1      | Reached XP level 3. HP: 20/27 MP: 3/3
  1415 | D:2      | Reached XP level 4. HP: 26/33 MP: 4/4
  1534 | D:2      | Found a blossoming altar of Fedhas.
  1534 | D:2      | You fall into a shaft and drop 2 floors!
  1559 | D:4      | HP: 1/33 [hound (3)]
  1559 | D:4      | Slain by a hound

Illustrated notes

Levels and vault maps discovered:
D:1:      ldierk_walled_garden_2, layout_basic, minmay_octomino_c4
D:2:      layout_basic, basic_altar
D:4:      layout_cave_pools, serial_bayou_ford_a, uniq_eustachio

Skill      XL: |  1  2  3 |
---------------+----------+-----
Shields        | 1 2 3 |  3.8
Fighting       | |  2.1
Polearms       | |  4.4
Throwing       | |  2.0
Dodging        | |  4.0

Action                   |  1- 3 |  4- 6 || total
-------------------------+-------+-------++-------
Melee: Trident           |   105 |    20 ||   125
  Use: Scroll            |     4 |       ||     4
Armor: Leather armour    |    19 |     4 ||    23
Dodge: Dodged            |    42 |    16 ||    58
Block: Kite shield       |    50 |     8 ||    58

Table legend: (Time is in decaauts)
 A = Elapsed time spent in this place.
 B = Non-inter-level travel time spent in this place.
 C = Inter-level travel time spent in this place.
 D = Time resting spent in this place.
 E = Time spent auto-exploring this place.
 F = Levels seen in this place.
 G = Mean time per level.
                   A        B        C        D        E       F      G
               +--------+--------+--------+--------+--------+-----+--------+
         Total |   1598 |   1558 |     40 |    308 |    958 |   3 |  532.7 |
       Dungeon |   1598 |   1558 |     40 |    308 |    958 |   3 |  532.7 |
               +--------+--------+--------+--------+--------+-----+--------+

Top non-repeatable levels by time:
     D:1: 1318 daAuts
     D:2: 251 daAuts
     D:4: 28 daAuts
